Lightning vs Sharks
Created - December 26, 2019 at 19:21
Goals
|
Lightning |
2 |
0 |
1 |
0 |
1 |
4 |
Sharks |
2 |
0 |
1 |
0 |
0 |
3 |
|
Shots
|
Lightning |
13 |
4 |
1 |
4 |
4 |
22 |
Sharks |
16 |
5 |
15 |
1 |
4 |
37 |
|
1st period
1. Sharks , Oskar Osala 5 (Ben Lovejoy 9, Drew Doughty 25) at 8:52
2. Lightning , Henrik Zetterberg 8 (Unassisted) at 15:56
3. Sharks , T.J. Hensick 4 (Martins Karsums 3) at 18:22
4. Lightning , Sam Gagner 10 (Justin Schultz 8) at 19:11 (PP)
Penalties :
Henrik Zetterberg (TB.) for Roughing (Minor) at 5:28, Gilbert Brule (TB.) for Tripping (Minor) at 16:00, Stefan Ruzicka (SJS) for Kneeing (Minor) at 18:35
2nd period
No Goal
Penalties :
Justin Schultz (TB.) for Delaying the game (Minor) at 1:55, Jason Spezza (SJS) for Roughing (Minor) at 9:41, Dany Heatley (TB.) for Cross-checking (Minor) at 11:48, Kevin Hayes (TB.) for Diving (Minor) at 15:32
3rd period
5. Lightning , Rasmus Ristolainen 9 (Daniel Carcillo 11, Jeff Skinner 5) at 5:33
6. Sharks , Jason Spezza 15 (Drew Doughty 26) at 7:38 (PP)
Penalties :
Gilbert Brule (TB.) for Tripping (Minor) at 7:10, Henrik Zetterberg (TB.) for Hooking (Minor) at 7:29, Stefan Ruzicka (SJS) for Holding (Minor) at 18:17
Overtime #1
No Goal
Penalties :
No Penalty
Shootout
Lightning , Henrik Zetterberg - Shot Misses the Net
Sharks, Jason Spezza - Stopped by Jaroslav Halak
Lightning , Gilbert Brule - Stopped by Ryan Miller
Sharks, Mike Cammalleri - Stopped by Jaroslav Halak
Lightning , Daniel Carcillo - Shot Hit the Post
Sharks, Milan Michalek - Shot Misses the Net
Lightning , Sam Gagner - Goal!
Sharks, Oskar Osala - Stopped by Jaroslav Halak
Penalties :
No Penalty
Goalie Stats
Jaroslav Halak (TB.), 34 saves from 37 shots - (0.919), W, 12-8-1, 65:00 minutes
Ryan Miller (SJS), 19 saves from 22 shots - (0.864), OTL, 10-7-3, 65:00 minutes
Players Stats for Lightning
Player Name G A P +/- PIM S H SB GA TA FO MP PP MP PK MP
------------------------------------------------------------------------------------
Andy Rogers 0 0 0 1 0 1 0 0 1 0 0/0 31:42 2:09 7:28
Cameron Schilling 0 0 0 0 0 1 1 1 1 0 0/0 24:15 2:36 5:43
Daniel Carcillo 0 1 1 0 0 3 3 0 0 0 0/0 21:40 1:50 5:00
Dany Heatley 0 0 0 -1 2 2 2 0 0 0 0/0 13:31 0:00 0:34
Gilbert Brule 0 0 0 1 4 2 3 0 0 0 10/23 23:06 2:27 5:26
Henrik Zetterberg 1 0 1 0 4 4 0 0 0 1 6/16 25:57 2:27 4:34
Jack Skille 0 0 0 -1 0 0 2 0 0 0 0/0 10:36 0:00 0:00
Jeff Schultz 0 0 0 1 0 1 4 2 0 2 0/0 30:41 1:41 6:33
Jeff Skinner 0 1 1 0 0 0 0 0 0 0 0/0 6:07 0:00 0:00
Justin Schultz 0 1 1 -1 2 0 0 0 0 2 0/0 7:26 0:10 1:45
Kevin Hayes 0 0 0 0 2 1 2 1 0 0 0/0 15:20 1:50 0:00
Mika Zibanejad 0 0 0 0 0 0 4 0 0 0 3/11 18:04 0:00 4:43
Mikael Backlund 0 0 0 0 0 0 2 0 0 0 1/1 6:14 0:00 0:07
Pierre-Luc Létourneau 0 0 0 -1 0 0 0 0 0 0 0/0 3:57 0:00 0:00
Rasmus Ristolainen 1 0 1 0 0 3 0 2 1 1 0/0 16:54 0:00 2:50
Sam Gagner 1 0 1 0 0 1 4 0 0 0 2/11 19:50 1:50 3:52
Theo Peckham 0 0 0 -1 0 2 0 0 0 0 0/0 16:57 1:58 0:07
Tyler Toffoli 0 0 0 1 0 1 2 0 0 0 0/1 15:13 2:27 0:00
Players Stats for Sharks
Player Name G A P +/- PIM S H SB GA TA FO MP PP MP PK MP
------------------------------------------------------------------------------------
Adam Larsson 0 0 0 0 0 1 2 2 0 0 0/0 22:54 4:47 1:51
Alec Martinez 0 0 0 0 0 0 0 1 0 0 0/0 13:02 0:00 0:00
Ben Lovejoy 0 1 1 0 0 2 3 0 0 0 0/0 28:57 7:26 2:43
Bobby Butler 0 0 0 -1 0 1 3 0 0 0 3/4 21:46 6:25 1:28
Brandon Dubinsky 0 0 0 -1 0 2 1 0 0 0 10/13 18:41 5:46 0:47
David Rundblad 0 0 0 0 0 0 1 0 0 1 0/0 22:54 4:47 1:51
Drew Doughty 0 2 2 0 0 10 1 3 3 0 0/0 28:19 7:26 2:43
Jason Spezza 1 0 1 -1 2 6 1 0 1 0 18/31 23:58 6:20 1:51
Jiri Tlusty 0 0 0 0 0 1 0 0 0 0 0/0 7:29 0:00 0:00
Luke Adam 0 0 0 0 0 0 0 0 0 1 2/3 7:29 0:00 0:00
Martins Karsums 0 1 1 2 0 2 0 0 0 0 0/0 10:53 0:02 0:00
Matt Corrente 0 0 0 0 0 0 1 0 1 1 0/0 13:54 0:00 0:00
Mike Cammalleri 0 0 0 -1 0 3 2 0 0 0 2/2 24:59 6:18 2:53
Milan Michalek 0 0 0 -1 0 1 2 0 1 0 2/2 19:54 5:46 1:24
Oskar Osala 1 0 1 2 0 1 3 0 0 0 0/0 11:47 0:00 0:25
Stefan Ruzicka 0 0 0 -1 4 5 1 0 0 0 1/2 16:55 5:46 0:00
T.J. Hensick 1 0 1 2 0 1 1 1 0 0 3/5 12:18 0:02 0:03
Zach Boychuk 0 0 0 0 0 1 0 0 0 0 0/1 9:14 0:14 0:00
3 Stars
1 - Oskar Osala (SJS)
2 - Sam Gagner (TB.)
3 - T.J. Hensick (SJS)
Power Play
Lightning - 1 on 3 Attempt(s) - 33.33%
Sharks - 1 on 7 Attempt(s) - 14.29%
Penalty Kill
Lightning - 6 on 7 Attempt(s) - 85.71%
- Score 0 goal in Penalty Kill
Sharks - 2 on 3 Attempt(s) - 66.67%
- Score 0 goal in Penalty Kill
Team Stat
Lightning - Hits : 29 - Faceoff Wins : 22 - Blocked Shots : 6 - Penalty Minutes : 14
Sharks - Hits : 22 - Faceoff Wins : 41 - Blocked Shots : 7 - Penalty Minutes : 6
Official
Referees : Unknown
Linesman : Unknown
Game Notes
15:56 of 1st period - Penalty Shot by Henrik Zetterberg for Lightning - Goal!
Justin Schultz is injured at 4:05 of 2nd period (Right Ankle)
Finance
Level 1 -- Attendance: 4227 (70.45%) -- Ticket Income $486,105
Level 2 -- Attendance: 3570 (71.40%) -- Ticket Income $267,750
Level 3 -- Attendance: 1489 (74.45%) -- Ticket Income $74,450
Level 4 -- Attendance: 4000 (100.00%) -- Ticket Income $120,000
Luxury Box -- Attendance: 792 (79.20%) -- Ticket Income $166,320
Game was played at the Hockey Place Center.
Total Attendance: 14078 (78.21%)
Total Ticket Income: $1,114,625
Other Income: $167,194
Total Income: $1,281,819
Lightning
5 vs 5 Forward
Center Left Wing Right Wing Time % Phy DF OF
1 Gilbert Brule Henrik Zetterberg Tyler Toffoli 40 1 2 2
2 Sam Gagner Daniel Carcillo Kevin Hayes 30 1 2 2
3 Mika Zibanejad Dany Heatley Jack Skille 20 1 2 2
4 Mikael Backlund Jeff Skinner Henrik Zetterberg 10 1 2 2
5 vs 5 Defense
Defense Defense Time % Phy DF OF
1 Jeff Schultz Andy Rogers 40 1 2 2
2 Justin Schultz Cameron Schilling 30 1 2 2
3 Theo Peckham Rasmus Ristolainen 20 1 2 2
4 Jeff Schultz Andy Rogers 10 1 2 2
PowerPlay Forward
Center Left Wing Right Wing Time % Phy DF OF
1 Gilbert Brule Henrik Zetterberg Tyler Toffoli 60 1 2 2
2 Sam Gagner Daniel Carcillo Kevin Hayes 40 1 2 2
PowerPlay Defense
Defense Defense Time % Phy DF OF
1 Jeff Schultz Andy Rogers 60 1 2 2
2 Justin Schultz Cameron Schilling 40 1 2 2
Penalty Kill 4 Players Forward
Center Wing Time % Phy DF OF
1 Henrik Zetterberg Gilbert Brule 60 1 2 2
2 Daniel Carcillo Sam Gagner 40 1 2 2
Penalty Kill 4 Players Defense
Defense Defense Time % Phy DF OF
1 Jeff Schultz Andy Rogers 60 1 2 2
2 Justin Schultz Cameron Schilling 40 1 2 2
Penalty Kill - 3 Players Forward
Forward Time % Phy DF OF
1 Henrik Zetterberg 60 1 2 2
2 Gilbert Brule 40 1 2 2
Penalty Kill - 3 Players Defense
Defense Defense Time % Phy DF OF
1 Jeff Schultz Andy Rogers 60 1 2 2
2 Justin Schultz Cameron Schilling 40 1 2 2
4 vs 4 Forward
Center Wing Time % Phy DF OF
1 Henrik Zetterberg Gilbert Brule 60 1 2 2
2 Daniel Carcillo Sam Gagner 40 1 2 2
4 vs 4 Defense
Defense Defense Time % Phy DF OF
1 Jeff Schultz Andy Rogers 60 1 2 2
2 Justin Schultz Cameron Schilling 40 1 2 2
Last Minutes Offensive
Center Left Wing Right Wing Defense Defense
Gilbert Brule Henrik Zetterberg Tyler Toffoli Jeff Schultz Andy Rogers
Last Minutes Defensive
Center Left Wing Right Wing Defense Defense
Gilbert Brule Henrik Zetterberg Tyler Toffoli Jeff Schultz Andy Rogers
Goaltenders
Starting : Jaroslav Halak
Backup : Jhonas Enroth
Extra Forwards
Normal : Pierre-Luc Létourneau, Dany Heatley, Mika Zibanejad - PP : Pierre-Luc Létourneau, Dany Heatley - PK : Mika Zibanejad
Extra Defensemen
Normal : Theo Peckham, Rasmus Ristolainen, Justin Schultz - PP : Theo Peckham - PK : Rasmus Ristolainen, Justin Schultz
Penalty Shots
Henrik Zetterberg, Gilbert Brule, Daniel Carcillo, Sam Gagner, Dany Heatley
Scratches
Patrick Kaleta (Suspend)
Sharks
5 vs 5 Forward
Center Left Wing Right Wing Time % Phy DF OF
1 Jason Spezza Mike Cammalleri Bobby Butler 40 1 2 2
2 Brandon Dubinsky Milan Michalek Stefan Ruzicka 30 1 2 2
3 T.J. Hensick Oskar Osala Martins Karsums 20 1 2 2
4 Luke Adam Zach Boychuk Jiri Tlusty 10 2 2 1
5 vs 5 Defense
Defense Defense Time % Phy DF OF
1 Drew Doughty Ben Lovejoy 40 1 2 2
2 Adam Larsson David Rundblad 30 1 2 2
3 Matt Corrente Alec Martinez 20 1 2 2
4 Ben Lovejoy Drew Doughty 10 2 2 1
PowerPlay Forward
Center Left Wing Right Wing Time % Phy DF OF
1 Jason Spezza Mike Cammalleri Bobby Butler 60 1 1 3
2 Brandon Dubinsky Milan Michalek Stefan Ruzicka 40 1 1 3
PowerPlay Defense
Defense Defense Time % Phy DF OF
1 Drew Doughty Ben Lovejoy 60 1 1 3
2 Adam Larsson David Rundblad 40 1 1 3
Penalty Kill 4 Players Forward
Center Wing Time % Phy DF OF
1 Jason Spezza Mike Cammalleri 60 1 3 1
2 Milan Michalek Oskar Osala 40 1 3 1
Penalty Kill 4 Players Defense
Defense Defense Time % Phy DF OF
1 Drew Doughty Ben Lovejoy 60 1 3 1
2 Adam Larsson David Rundblad 40 1 3 1
Penalty Kill - 3 Players Forward
Forward Time % Phy DF OF
1 Jason Spezza 60 1 4 0
2 Mike Cammalleri 40 1 4 0
Penalty Kill - 3 Players Defense
Defense Defense Time % Phy DF OF
1 Drew Doughty Ben Lovejoy 60 1 4 0
2 Adam Larsson David Rundblad 40 1 4 0
4 vs 4 Forward
Center Wing Time % Phy DF OF
1 Jason Spezza Mike Cammalleri 60 1 2 2
2 Milan Michalek Oskar Osala 40 1 2 2
4 vs 4 Defense
Defense Defense Time % Phy DF OF
1 Drew Doughty Ben Lovejoy 60 1 2 2
2 Adam Larsson David Rundblad 40 1 2 2
Last Minutes Offensive
Center Left Wing Right Wing Defense Defense
Jason Spezza Mike Cammalleri Bobby Butler Drew Doughty Ben Lovejoy
Last Minutes Defensive
Center Left Wing Right Wing Defense Defense
Jason Spezza Mike Cammalleri Bobby Butler Drew Doughty Ben Lovejoy
Goaltenders
Starting : Ryan Miller
Backup : Anders Nilsson
Extra Forwards
Normal : Zach Boychuk, T.J. Hensick, Brandon Dubinsky - PP : Zach Boychuk, T.J. Hensick - PK : Bobby Butler
Extra Defensemen
Normal : Matt Corrente, David Rundblad, Alec Martinez - PP : Matt Corrente - PK : David Rundblad, Alec Martinez
Penalty Shots
Jason Spezza, Mike Cammalleri, Milan Michalek, Oskar Osala, Brandon Dubinsky
Scratches
Andrej Sekera (Healthy), Matt Carle (Healthy), Nikolai Kulemin (Healthy)
% Time on Ice - Lightning
Lines # - Real PCT - Wanted PCT - Time Play
Normal Forward
1 - 29% - 40% - 12:49
2 - 33% - 30% - 14:10
3 - 24% - 20% - 10:24
4 - 14% - 10% - 6:07
Normal Defense
1 - 34% - 40% - 14:36
2 - 43% - 30% - 18:38
3 - 21% - 20% - 9:17
4 - 2% - 10% - 0:59
PP Forward
1 - 57% - 60% - 2:27
2 - 43% - 40% - 1:50
PP Defense
1 - 39% - 60% - 1:41
2 - 61% - 40% - 2:36
PK Forward
1 - 74% - 60% - 8:59
2 - 26% - 40% - 3:05
PK Defense
1 - 52% - 60% - 6:14
2 - 48% - 40% - 5:50
PK3 Forward
1 - 100% - 60% - 0:09
2 - 0% - 40% - 0:00
PK3 Defense
1 - 100% - 60% - 0:09
2 - 0% - 40% - 0:00
44 Forward
1 - 94% - 60% - 4:42
2 - 6% - 40% - 0:18
44 Defense
1 - 45% - 60% - 2:16
2 - 55% - 40% - 2:44
Last Minute Offensive - 0:00
Last Minute Defensive - 0:00
Total
Forward - 65:00
Defense - 65:00
|
% Time on Ice - Sharks
Lines # - Real PCT - Wanted PCT - Time Play
Normal Forward
1 - 33% - 40% - 14:12
2 - 26% - 30% - 11:09
3 - 25% - 20% - 10:40
4 - 17% - 10% - 7:29
Normal Defense
1 - 36% - 40% - 15:50
2 - 33% - 30% - 14:28
3 - 29% - 20% - 12:42
4 - 1% - 10% - 0:30
PP Forward
1 - 53% - 60% - 6:27
2 - 47% - 40% - 5:46
PP Defense
1 - 61% - 60% - 7:26
2 - 39% - 40% - 4:47
PK Forward
1 - 90% - 60% - 3:52
2 - 10% - 40% - 0:25
PK Defense
1 - 57% - 60% - 2:26
2 - 43% - 40% - 1:51
PK3 Forward
1 - 100% - 60% - 0:17
2 - 0% - 40% - 0:00
PK3 Defense
1 - 100% - 60% - 0:17
2 - 0% - 40% - 0:00
44 Forward
1 - 85% - 60% - 4:01
2 - 15% - 40% - 0:42
44 Defense
1 - 62% - 60% - 2:55
2 - 38% - 40% - 1:48
Last Minute Offensive - 0:00
Last Minute Defensive - 0:00
Total
Forward - 65:00
Defense - 65:00
|
Play-by-Play
1st period
0:01 of 1st period - Gilbert Brule wins face-off versus Jason Spezza in neutral zone.
0:26 of 1st period - Daniel Carcillo is hit by Ben Lovejoy and loses puck.
0:37 of 1st period - Drew Doughty is hit by Sam Gagner and loses puck.
1:15 of 1st period - Wrist shot by Brandon Dubinsky.
1:15 of 1st period - Stopped by Jaroslav Halak with a rebound.
1:21 of 1st period - Snap shot by Daniel Carcillo.
1:21 of 1st period - Stopped by Ryan Miller without a rebound.
1:22 of 1st period - T.J. Hensick wins face-off versus Mika Zibanejad in Sharks zone.
1:48 of 1st period - Jason Spezza is hit by Jeff Schultz and loses puck.
2:09 of 1st period - Wrist shot by Jiri Tlusty.
2:09 of 1st period - Shot Misses the Net.
2:11 of 1st period - Snap shot by Luke Adam.
2:11 of 1st period - Shot Blocked by Cameron Schilling.
2:13 of 1st period - Slapshot by Alec Martinez.
2:13 of 1st period - Shot Misses the Net.
2:15 of 1st period - Slapshot by Matt Corrente.
2:15 of 1st period - Shot Misses the Net.
2:17 of 1st period - Snap shot by Jiri Tlusty.
2:17 of 1st period - Shot Misses the Net.
2:29 of 1st period - Wrist shot by Jack Skille.
2:29 of 1st period - Shot Blocked by T.J. Hensick.
2:31 of 1st period - Wrist shot by Cameron Schilling.
2:31 of 1st period - Stopped by Ryan Miller without a rebound.
2:32 of 1st period - Jason Spezza wins face-off versus Mika Zibanejad in Sharks zone.
2:39 of 1st period - Snap shot by Jason Spezza.
2:39 of 1st period - Shot Blocked by Jeff Schultz.
3:15 of 1st period - Snap shot by Daniel Carcillo.
3:15 of 1st period - Shot Misses the Net.
3:17 of 1st period - Wrist shot by Sam Gagner.
3:17 of 1st period - Shot Blocked by Adam Larsson.
3:19 of 1st period - Snap shot by Daniel Carcillo.
3:19 of 1st period - Shot Misses the Net.
3:21 of 1st period - Snap shot by Kevin Hayes.
3:21 of 1st period - Stopped by Ryan Miller without a rebound.
3:22 of 1st period - T.J. Hensick wins face-off versus Sam Gagner in Sharks zone.
3:26 of 1st period - Icing by Drew Doughty.
3:27 of 1st period - T.J. Hensick wins face-off versus Gilbert Brule in Sharks zone.
3:32 of 1st period - Tyler Toffoli is hit by Oskar Osala and loses puck.
3:37 of 1st period - Slapshot by Drew Doughty.
3:37 of 1st period - Stopped by Jaroslav Halak without a rebound.
3:38 of 1st period - Brandon Dubinsky wins face-off versus Gilbert Brule in Lightning zone.
4:03 of 1st period - Mika Zibanejad is hit by Mike Cammalleri and loses puck.
4:28 of 1st period - Snap shot by Daniel Carcillo.
4:28 of 1st period - Stopped by Ryan Miller with a rebound.
4:54 of 1st period - Snap shot by Gilbert Brule.
4:54 of 1st period - Deflect By Tyler Toffoli.
4:54 of 1st period - Shot Misses the Net.
4:54 of 1st period - Puck is out of play.
4:55 of 1st period - Jason Spezza wins face-off versus Henrik Zetterberg in Sharks zone.
5:08 of 1st period - Slapshot by Henrik Zetterberg.
5:08 of 1st period - Shot Misses the Net.
5:10 of 1st period - Slapshot by Rasmus Ristolainen.
5:10 of 1st period - Stopped by Ryan Miller without a rebound.
5:11 of 1st period - Brandon Dubinsky wins face-off versus Henrik Zetterberg in Sharks zone.
5:24 of 1st period - Slapshot by Drew Doughty.
5:24 of 1st period - Stopped by Jaroslav Halak without a rebound.
5:25 of 1st period - Gilbert Brule wins face-off versus T.J. Hensick in Lightning zone.
5:25 of 1st period - Gilbert Brule is hit by Oskar Osala.
5:28 of 1st period - Minor Penalty to Henrik Zetterberg for Roughing.
5:29 of 1st period - Mika Zibanejad wins face-off versus Jason Spezza in Lightning zone.
5:43 of 1st period - Snap shot by Jason Spezza.
5:43 of 1st period - Shot Hit the Post.
5:45 of 1st period - Slapshot by Drew Doughty.
5:45 of 1st period - Stopped by Jaroslav Halak without a rebound.
5:46 of 1st period - Brandon Dubinsky wins face-off versus Mika Zibanejad in Lightning zone.
6:01 of 1st period - Slapshot by Drew Doughty.
6:01 of 1st period - Stopped by Jaroslav Halak with a rebound.
7:04 of 1st period - Icing by Stefan Ruzicka.
7:05 of 1st period - Sam Gagner wins face-off versus Brandon Dubinsky in Sharks zone.
7:28 of 1st period - Penalty to Henrik Zetterberg is over, Henrik Zetterberg is back on ice.
8:48 of 1st period - Slapshot by Drew Doughty.
8:48 of 1st period - Shot Blocked by Rasmus Ristolainen.
8:50 of 1st period - Slapshot by Ben Lovejoy.
8:50 of 1st period - Stopped by Jaroslav Halak with a rebound.
8:52 of 1st period - Snap shot by Oskar Osala.
8:52 of 1st period - Goal by Oskar Osala - Lightning : 0 - Sharks : 1.
8:53 of 1st period - Gilbert Brule wins face-off versus Jason Spezza in neutral zone.
8:55 of 1st period - Off-side.
8:56 of 1st period - Jason Spezza wins face-off versus Gilbert Brule in neutral zone.
8:59 of 1st period - Slapshot by Drew Doughty.
8:59 of 1st period - Shot Hit the Post.
9:01 of 1st period - Slapshot by Drew Doughty.
9:01 of 1st period - Deflect By Gilbert Brule.
9:01 of 1st period - Stopped by Jaroslav Halak without a rebound.
9:02 of 1st period - Gilbert Brule wins face-off versus Jason Spezza in Lightning zone.
9:07 of 1st period - Jason Spezza is hit by Tyler Toffoli and loses puck.
9:16 of 1st period - Snap shot by Jason Spezza.
9:16 of 1st period - Stopped by Jaroslav Halak without a rebound.
9:17 of 1st period - Brandon Dubinsky wins face-off versus Sam Gagner in Lightning zone.
9:54 of 1st period - Snap shot by Henrik Zetterberg.
9:54 of 1st period - Shot Blocked by Drew Doughty.
10:48 of 1st period - Slapshot by Henrik Zetterberg.
10:48 of 1st period - Shot Misses the Net.
10:50 of 1st period - Slapshot by Henrik Zetterberg.
10:50 of 1st period - Shot Blocked by Alec Martinez.
11:36 of 1st period - Slapshot by Sam Gagner.
11:36 of 1st period - Shot Misses the Net.
11:38 of 1st period - Slapshot by Theo Peckham.
11:38 of 1st period - Stopped by Ryan Miller without a rebound.
11:39 of 1st period - Luke Adam wins face-off versus Sam Gagner in Sharks zone.
12:04 of 1st period - Bobby Butler is hit by Mika Zibanejad and loses puck.
12:11 of 1st period - Snap shot by Jeff Schultz.
12:11 of 1st period - Stopped by Ryan Miller with a rebound.
12:13 of 1st period - Slapshot by Dany Heatley.
12:13 of 1st period - Stopped by Ryan Miller without a rebound.
12:14 of 1st period - Brandon Dubinsky wins face-off versus Gilbert Brule in Sharks zone.
12:14 of 1st period - Brandon Dubinsky is hit by Jeff Schultz.
12:29 of 1st period - Slapshot by Stefan Ruzicka.
12:29 of 1st period - Deflect By Milan Michalek.
12:29 of 1st period - Stopped by Jaroslav Halak with a rebound.
14:15 of 1st period - Jeff Schultz is hit by Adam Larsson and loses puck.
14:34 of 1st period - Snap shot by Sam Gagner.
14:34 of 1st period - Shot Misses the Net.
14:46 of 1st period - Icing by Adam Larsson.
14:47 of 1st period - Mikael Backlund wins face-off versus Luke Adam in Sharks zone.
14:50 of 1st period - Wrist shot by Henrik Zetterberg.
14:50 of 1st period - Shot Misses the Net.
14:52 of 1st period - Snap shot by Henrik Zetterberg.
14:52 of 1st period - Shot Misses the Net.
14:54 of 1st period - Slapshot by Theo Peckham.
14:54 of 1st period - Stopped by Ryan Miller with a rebound.
14:56 of 1st period - Wrist shot by Theo Peckham.
14:56 of 1st period - Shot Misses the Net.
14:58 of 1st period - Snap shot by Rasmus Ristolainen.
14:58 of 1st period - Stopped by Ryan Miller without a rebound.
14:59 of 1st period - Jason Spezza wins face-off versus Sam Gagner in Sharks zone.
14:59 of 1st period - Jason Spezza is hit by Daniel Carcillo.
15:30 of 1st period - Snap shot by Brandon Dubinsky.
15:30 of 1st period - Shot Hit the Post.
15:32 of 1st period - Snap shot by Stefan Ruzicka.
15:32 of 1st period - Stopped by Jaroslav Halak without a rebound.
15:33 of 1st period - Brandon Dubinsky wins face-off versus Mika Zibanejad in Lightning zone.
15:34 of 1st period - Wrist shot by Milan Michalek.
15:34 of 1st period - Shot Misses the Net.
15:36 of 1st period - Slapshot by Stefan Ruzicka.
15:36 of 1st period - Stopped by Jaroslav Halak with a rebound.
15:38 of 1st period - Snap shot by Stefan Ruzicka.
15:38 of 1st period - Stopped by Jaroslav Halak without a rebound.
15:39 of 1st period - Brandon Dubinsky wins face-off versus Mika Zibanejad in Lightning zone.
15:52 of 1st period - Slapshot by Milan Michalek.
15:52 of 1st period - Deflect By Brandon Dubinsky.
15:52 of 1st period - Shot Misses the Net.
15:52 of 1st period - Puck is out of play.
15:53 of 1st period - Jason Spezza wins face-off versus Tyler Toffoli in Lightning zone.
15:54 of 1st period - Slapshot by Drew Doughty.
15:54 of 1st period - Shot Misses the Net.
15:56 of 1st period - Penalty Shot by Henrik Zetterberg for Lightning .
15:56 of 1st period - Deke by Henrik Zetterberg.
15:56 of 1st period - Goal by Henrik Zetterberg - Lightning : 1 - Sharks : 1.
15:57 of 1st period - Jason Spezza wins face-off versus Gilbert Brule in neutral zone.
15:58 of 1st period - Gilbert Brule wins face-off versus Jason Spezza in Lightning zone.
16:00 of 1st period - Minor Penalty to Gilbert Brule for Tripping.
16:01 of 1st period - Jason Spezza wins face-off versus Henrik Zetterberg in Lightning zone.
16:05 of 1st period - Slapshot by Drew Doughty.
16:05 of 1st period - Stopped by Jaroslav Halak with a rebound.
16:33 of 1st period - Snap shot by Stefan Ruzicka.
16:33 of 1st period - Stopped by Jaroslav Halak without a rebound.
16:34 of 1st period - Milan Michalek wins face-off versus Henrik Zetterberg in Lightning zone.
16:53 of 1st period - Snap shot by Stefan Ruzicka.
16:53 of 1st period - Shot Misses the Net.
17:11 of 1st period - Off-side.
17:12 of 1st period - Mike Cammalleri wins face-off versus Mika Zibanejad in neutral zone.
18:00 of 1st period - Penalty to Gilbert Brule is over, Gilbert Brule is back on ice.
18:06 of 1st period - Snap shot by Gilbert Brule.
18:06 of 1st period - Shot Misses the Net.
18:22 of 1st period - Slapshot by T.J. Hensick.
18:22 of 1st period - Goal by T.J. Hensick - Lightning : 1 - Sharks : 2.
18:23 of 1st period - Gilbert Brule wins face-off versus Brandon Dubinsky in neutral zone.
18:35 of 1st period - Minor Penalty to Stefan Ruzicka for Kneeing.
18:36 of 1st period - Jason Spezza wins face-off versus Gilbert Brule in Sharks zone.
18:36 of 1st period - Jason Spezza is hit by Gilbert Brule.
18:47 of 1st period - Snap shot by Henrik Zetterberg.
18:47 of 1st period - Stopped by Ryan Miller with a rebound.
18:49 of 1st period - Snap shot by Tyler Toffoli.
18:49 of 1st period - Stopped by Ryan Miller with a rebound.
19:09 of 1st period - Wrist shot by Sam Gagner.
19:09 of 1st period - Shot Misses the Net.
19:11 of 1st period - Snap shot by Sam Gagner.
19:11 of 1st period - Goal by Sam Gagner - Lightning : 2 - Sharks : 2.
19:12 of 1st period - Brandon Dubinsky wins face-off versus Gilbert Brule in neutral zone.
19:39 of 1st period - Ben Lovejoy is hit by Kevin Hayes and loses puck.
Goals for this period are 2 for Lightning vs 2 for Sharks.
Shots for this period are 13 for Lightning vs 16 for Sharks.
2nd period
0:01 of 2nd period - Gilbert Brule wins face-off versus Jason Spezza in neutral zone.
0:04 of 2nd period - Jason Spezza is hit by Gilbert Brule and loses puck.
1:50 of 2nd period - Wrist shot by Jason Spezza.
1:50 of 2nd period - Stopped by Jaroslav Halak without a rebound.
1:51 of 2nd period - Milan Michalek wins face-off versus Sam Gagner in Lightning zone.
1:55 of 2nd period - Minor Penalty to Justin Schultz for Delaying the game.
1:56 of 2nd period - Henrik Zetterberg wins face-off versus Brandon Dubinsky in Lightning zone.
2:32 of 2nd period - Backhand shot by Drew Doughty.
2:32 of 2nd period - Shot Misses the Net.
2:52 of 2nd period - Rasmus Ristolainen is hit by Milan Michalek and loses puck.
3:55 of 2nd period - Penalty to Justin Schultz is over, Justin Schultz is back on ice.
4:04 of 2nd period - Justin Schultz is hit by T.J. Hensick and loses puck.
4:05 of 2nd period - Justin Schultz from Lightning is injured at 4:05 of 2nd period (Right Ankle).
4:06 of 2nd period - Gilbert Brule wins face-off versus Jason Spezza in Lightning zone.
4:21 of 2nd period - Slapshot by Drew Doughty.
4:21 of 2nd period - Stopped by Jaroslav Halak without a rebound.
4:22 of 2nd period - Brandon Dubinsky wins face-off versus Sam Gagner in Lightning zone.
4:47 of 2nd period - Andy Rogers is hit by Bobby Butler.
5:11 of 2nd period - Wrist shot by Martins Karsums.
5:11 of 2nd period - Stopped by Jaroslav Halak without a rebound.
5:12 of 2nd period - Mika Zibanejad wins face-off versus T.J. Hensick in Lightning zone.
5:27 of 2nd period - Snap shot by Dany Heatley.
5:27 of 2nd period - Stopped by Ryan Miller without a rebound.
5:28 of 2nd period - Gilbert Brule wins face-off versus Jason Spezza in Sharks zone.
5:53 of 2nd period - Theo Peckham is hit by Ben Lovejoy and loses puck.
7:00 of 2nd period - Off-side.
7:01 of 2nd period - Sam Gagner wins face-off versus Bobby Butler in neutral zone.
7:04 of 2nd period - Wrist shot by Jason Spezza.
7:04 of 2nd period - Shot Blocked by Kevin Hayes.
7:06 of 2nd period - Snap shot by Jason Spezza.
7:06 of 2nd period - Shot Misses the Net.
7:36 of 2nd period - Snap shot by Oskar Osala.
7:36 of 2nd period - Shot Blocked by Rasmus Ristolainen.
7:38 of 2nd period - Slapshot by Adam Larsson.
7:38 of 2nd period - Shot Misses the Net.
8:50 of 2nd period - Cameron Schilling is hit by Brandon Dubinsky and loses puck.
9:27 of 2nd period - Wrist shot by Bobby Butler.
9:27 of 2nd period - Shot Blocked by Jeff Schultz.
9:29 of 2nd period - Slapshot by Matt Corrente.
9:29 of 2nd period - Shot Misses the Net.
9:41 of 2nd period - Minor Penalty to Jason Spezza for Roughing.
9:42 of 2nd period - Bobby Butler wins face-off versus Gilbert Brule in Sharks zone.
10:11 of 2nd period - Snap shot by Kevin Hayes.
10:11 of 2nd period - Shot Blocked by Drew Doughty.
10:13 of 2nd period - Snap shot by Daniel Carcillo.
10:13 of 2nd period - Stopped by Ryan Miller without a rebound.
10:14 of 2nd period - Bobby Butler wins face-off versus Gilbert Brule in Sharks zone.
10:23 of 2nd period - Wrist shot by Henrik Zetterberg.
10:23 of 2nd period - Stopped by Ryan Miller with a rebound.
10:25 of 2nd period - Slapshot by Andy Rogers.
10:25 of 2nd period - Stopped by Ryan Miller without a rebound.
10:26 of 2nd period - Bobby Butler wins face-off versus Henrik Zetterberg in Sharks zone.
10:51 of 2nd period - Sam Gagner is hit by Milan Michalek and loses puck.
11:41 of 2nd period - Penalty to Jason Spezza is over, Jason Spezza is back on ice.
11:48 of 2nd period - Minor Penalty to Dany Heatley for Cross-checking.
11:49 of 2nd period - Jason Spezza wins face-off versus Henrik Zetterberg in Lightning zone.
11:51 of 2nd period - Wrist shot by Jason Spezza.
11:51 of 2nd period - Shot Misses the Net.
12:13 of 2nd period - Sam Gagner is hit by Drew Doughty and loses puck.
13:48 of 2nd period - Penalty to Dany Heatley is over, Dany Heatley is back on ice.
15:01 of 2nd period - Brandon Dubinsky is hit by Jack Skille and loses puck.
15:12 of 2nd period - Bobby Butler is hit by Mikael Backlund.
15:32 of 2nd period - Minor Penalty to Kevin Hayes for Diving.
15:33 of 2nd period - Jason Spezza wins face-off versus Henrik Zetterberg in Lightning zone.
16:09 of 2nd period - Brandon Dubinsky is hit by Sam Gagner and loses puck.
16:32 of 2nd period - Slapshot by Drew Doughty.
16:32 of 2nd period - Stopped by Jaroslav Halak without a rebound.
16:33 of 2nd period - Jason Spezza wins face-off versus Henrik Zetterberg in Lightning zone.
16:48 of 2nd period - Daniel Carcillo is hit by David Rundblad.
17:27 of 2nd period - Brandon Dubinsky is hit by Mika Zibanejad and loses puck.
17:32 of 2nd period - Penalty to Kevin Hayes is over, Kevin Hayes is back on ice.
18:05 of 2nd period - Slapshot by Zach Boychuk.
18:05 of 2nd period - Shot Misses the Net.
18:37 of 2nd period - Mika Zibanejad is hit by Adam Larsson.
18:41 of 2nd period - Backhand shot by Jiri Tlusty.
18:41 of 2nd period - Stopped by Jaroslav Halak with a rebound.
18:53 of 2nd period - Brandon Dubinsky is hit by Daniel Carcillo and loses puck.
19:04 of 2nd period - Matt Corrente is hit by Gilbert Brule and loses puck.
19:45 of 2nd period - Matt Corrente is hit by Mika Zibanejad and loses puck.
Goals for this period are 0 for Lightning vs 0 for Sharks.
Shots for this period are 4 for Lightning vs 5 for Sharks.
3rd period
0:01 of 3rd period - Jason Spezza wins face-off versus Gilbert Brule in neutral zone.
3:55 of 3rd period - Slapshot by Mike Cammalleri.
3:55 of 3rd period - Stopped by Jaroslav Halak without a rebound.
3:56 of 3rd period - Stefan Ruzicka wins face-off versus Sam Gagner in Lightning zone.
4:07 of 3rd period - Milan Michalek is hit by Kevin Hayes and loses puck.
4:22 of 3rd period - Jeff Schultz is hit by Mike Cammalleri and loses puck.
4:55 of 3rd period - Wrist shot by Martins Karsums.
4:55 of 3rd period - Stopped by Jaroslav Halak with a rebound.
5:33 of 3rd period - Wrist shot by Rasmus Ristolainen.
5:33 of 3rd period - Goal by Rasmus Ristolainen - Lightning : 3 - Sharks : 2.
5:34 of 3rd period - Jason Spezza wins face-off versus Sam Gagner in neutral zone.
5:34 of 3rd period - Jason Spezza is hit by Sam Gagner.
5:42 of 3rd period - Snap shot by Jason Spezza.
5:42 of 3rd period - Shot Misses the Net.
5:44 of 3rd period - Snap shot by Mike Cammalleri.
5:44 of 3rd period - Stopped by Jaroslav Halak with a rebound.
5:46 of 3rd period - Slapshot by Ben Lovejoy.
5:46 of 3rd period - Stopped by Jaroslav Halak with a rebound.
5:50 of 3rd period - Snap shot by Mike Cammalleri.
5:50 of 3rd period - Deflect By Bobby Butler.
5:50 of 3rd period - Stopped by Jaroslav Halak with a rebound.
6:40 of 3rd period - Slapshot by Jason Spezza.
6:40 of 3rd period - Stopped by Jaroslav Halak with a rebound.
6:42 of 3rd period - Snap shot by Mike Cammalleri.
6:42 of 3rd period - Stopped by Jaroslav Halak with a rebound.
6:44 of 3rd period - Backhand shot by Adam Larsson.
6:44 of 3rd period - Stopped by Jaroslav Halak without a rebound.
6:45 of 3rd period - Jason Spezza wins face-off versus Sam Gagner in Lightning zone.
7:02 of 3rd period - Slapshot by Jason Spezza.
7:02 of 3rd period - Stopped by Jaroslav Halak without a rebound.
7:03 of 3rd period - Brandon Dubinsky wins face-off versus Gilbert Brule in Lightning zone.
7:04 of 3rd period - Slapshot by Drew Doughty.
7:04 of 3rd period - Shot Misses the Net.
7:06 of 3rd period - Slapshot by Drew Doughty.
7:06 of 3rd period - Deflect By Stefan Ruzicka.
7:06 of 3rd period - Stopped by Jaroslav Halak without a rebound.
7:07 of 3rd period - Gilbert Brule wins face-off versus Stefan Ruzicka in Lightning zone.
7:07 of 3rd period - Gilbert Brule is hit by Stefan Ruzicka.
7:10 of 3rd period - Minor Penalty to Gilbert Brule for Tripping.
7:11 of 3rd period - Jason Spezza wins face-off versus Henrik Zetterberg in Lightning zone.
7:11 of 3rd period - Slapshot by Drew Doughty.
7:11 of 3rd period - Stopped by Jaroslav Halak without a rebound.
7:12 of 3rd period - Henrik Zetterberg wins face-off versus Jason Spezza in Lightning zone.
7:12 of 3rd period - Henrik Zetterberg is hit by Bobby Butler.
7:29 of 3rd period - Minor Penalty to Henrik Zetterberg for Hooking.
7:30 of 3rd period - Jason Spezza wins face-off versus Mika Zibanejad in Lightning zone.
7:38 of 3rd period - Snap shot by Jason Spezza.
7:38 of 3rd period - Goal by Jason Spezza - Lightning : 3 - Sharks : 3.
7:39 of 3rd period - Mike Cammalleri wins face-off versus Mika Zibanejad in neutral zone.
7:42 of 3rd period - Slapshot by Drew Doughty.
7:42 of 3rd period - Shot Misses the Net.
7:44 of 3rd period - Slapshot by Mike Cammalleri.
7:44 of 3rd period - Deflect By Jason Spezza.
7:44 of 3rd period - Stopped by Jaroslav Halak with a rebound.
7:46 of 3rd period - Slapshot by Drew Doughty.
7:46 of 3rd period - Stopped by Jaroslav Halak with a rebound.
9:29 of 3rd period - Penalty to Henrik Zetterberg is over, Henrik Zetterberg is back on ice.
11:16 of 3rd period - Martins Karsums is hit by Jack Skille and loses puck.
11:27 of 3rd period - Matt Corrente is hit by Daniel Carcillo and loses puck.
12:09 of 3rd period - Bobby Butler is hit by Tyler Toffoli and loses puck.
12:28 of 3rd period - Snap shot by Zach Boychuk.
12:28 of 3rd period - Shot Misses the Net.
12:32 of 3rd period - Wrist shot by Zach Boychuk.
12:32 of 3rd period - Stopped by Jaroslav Halak with a rebound.
13:11 of 3rd period - Slapshot by Theo Peckham.
13:11 of 3rd period - Shot Misses the Net.
13:13 of 3rd period - Wrist shot by Theo Peckham.
13:13 of 3rd period - Shot Blocked by Adam Larsson.
13:47 of 3rd period - Snap shot by Zach Boychuk.
13:47 of 3rd period - Shot Misses the Net.
14:01 of 3rd period - Matt Corrente is hit by Mikael Backlund and loses puck.
14:28 of 3rd period - Jason Spezza is hit by Dany Heatley and loses puck.
14:35 of 3rd period - Snap shot by Mikael Backlund.
14:35 of 3rd period - Shot Misses the Net.
15:23 of 3rd period - Jeff Schultz is hit by Matt Corrente and loses puck.
16:12 of 3rd period - Brandon Dubinsky is hit by Dany Heatley and loses puck.
16:50 of 3rd period - Icing by Jiri Tlusty.
16:51 of 3rd period - Luke Adam wins face-off versus Gilbert Brule in Sharks zone.
16:55 of 3rd period - David Rundblad is hit by Jeff Schultz and loses puck.
17:02 of 3rd period - David Rundblad is hit by Cameron Schilling and loses puck.
17:35 of 3rd period - Rasmus Ristolainen is hit by Bobby Butler and loses puck.
18:07 of 3rd period - Brandon Dubinsky is hit by Mika Zibanejad.
18:17 of 3rd period - Minor Penalty to Stefan Ruzicka for Holding.
18:18 of 3rd period - Jason Spezza wins face-off versus Gilbert Brule in Sharks zone.
19:45 of 3rd period - Adam Larsson is hit by Sam Gagner and loses puck.
Goals for this period are 1 for Lightning vs 1 for Sharks.
Shots for this period are 1 for Lightning vs 15 for Sharks.
Overtime #1
0:01 of 1st overtime period - Henrik Zetterberg wins face-off versus Jason Spezza in neutral zone.
0:06 of 1st overtime period - Backhand shot by Gilbert Brule.
0:06 of 1st overtime period - Stopped by Ryan Miller without a rebound.
0:07 of 1st overtime period - Henrik Zetterberg wins face-off versus Jason Spezza in Sharks zone.
0:08 of 1st overtime period - Snap shot by Gilbert Brule.
0:08 of 1st overtime period - Stopped by Ryan Miller with a rebound.
0:10 of 1st overtime period - Backhand shot by Henrik Zetterberg.
0:10 of 1st overtime period - Stopped by Ryan Miller without a rebound.
0:11 of 1st overtime period - Henrik Zetterberg wins face-off versus Jason Spezza in Sharks zone.
0:14 of 1st overtime period - Snap shot by Gilbert Brule.
0:14 of 1st overtime period - Shot Misses the Net.
0:16 of 1st overtime period - Snap shot by Gilbert Brule.
0:16 of 1st overtime period - Shot Blocked by Drew Doughty.
0:17 of 1st overtime period - Penalty to Stefan Ruzicka is over, Stefan Ruzicka is back on ice.
0:18 of 1st overtime period - Snap shot by Henrik Zetterberg.
0:18 of 1st overtime period - Stopped by Ryan Miller without a rebound.
0:19 of 1st overtime period - Henrik Zetterberg wins face-off versus Jason Spezza in Sharks zone.
0:38 of 1st overtime period - Andy Rogers is hit by Jason Spezza and loses puck.
1:59 of 1st overtime period - Theo Peckham is hit by Ben Lovejoy and loses puck.
3:59 of 1st overtime period - Rasmus Ristolainen is hit by Oskar Osala and loses puck.
4:30 of 1st overtime period - Matt Corrente is hit by Jeff Schultz and loses puck.
4:45 of 1st overtime period - Slapshot by Brandon Dubinsky.
4:45 of 1st overtime period - Stopped by Jaroslav Halak without a rebound.
4:46 of 1st overtime period - Mika Zibanejad wins face-off versus Zach Boychuk in Lightning zone.
4:51 of 1st overtime period - Off-side.
4:52 of 1st overtime period - Jason Spezza wins face-off versus Henrik Zetterberg in neutral zone.
Goals for this period are 0 for Lightning vs 0 for Sharks.
Shots for this period are 4 for Lightning vs 1 for Sharks.
ShootOut
5:00 of 1st overtime period - Round #1.
5:00 of 1st overtime period - Lightning , Henrik Zetterberg.
5:00 of 1st overtime period - Deke by Henrik Zetterberg.
5:00 of 1st overtime period - Shot Misses the Net.
5:00 of 1st overtime period - Sharks, Jason Spezza.
5:00 of 1st overtime period - Backhand shot by Jason Spezza.
5:00 of 1st overtime period - Stopped by Jaroslav Halak.
5:00 of 1st overtime period - Round #2.
5:00 of 1st overtime period - Lightning , Gilbert Brule.
5:00 of 1st overtime period - Backhand shot by Gilbert Brule.
5:00 of 1st overtime period - Stopped by Ryan Miller.
5:00 of 1st overtime period - Sharks, Mike Cammalleri.
5:00 of 1st overtime period - Backhand shot by Mike Cammalleri.
5:00 of 1st overtime period - Stopped by Jaroslav Halak.
5:00 of 1st overtime period - Round #3.
5:00 of 1st overtime period - Lightning , Daniel Carcillo.
5:00 of 1st overtime period - Deke by Daniel Carcillo.
5:00 of 1st overtime period - Shot Hit the Post.
5:00 of 1st overtime period - Sharks, Milan Michalek.
5:00 of 1st overtime period - Wrist shot by Milan Michalek.
5:00 of 1st overtime period - Shot Misses the Net.
5:00 of 1st overtime period - Round #4.
5:00 of 1st overtime period - Lightning , Sam Gagner.
5:00 of 1st overtime period - Backhand shot by Sam Gagner.
5:00 of 1st overtime period - Goal by Sam Gagner.
5:00 of 1st overtime period - Sharks, Oskar Osala.
5:00 of 1st overtime period - Deke by Oskar Osala.
5:00 of 1st overtime period - Stopped by Jaroslav Halak.
Back to the Top